 Dungeon Crawl Stone Soup version 0.30-a0-55-g90e3122c3a (webtiles) character file.

Game seed: 9419150849272892362

534 spaghetti the Trooper (level 7, -7/78 HPs)
             Began as an Ogre Chaos Knight on Sept 9, 2022.
             Was a Plaything of Xom.
             Killed from afar by an orc wizard (15 damage)
             ... with a puff of flame
             ... on level 6 of the Dungeon.
             The game lasted 00:08:56 (5512 turns).

spaghetti the Trooper (Ogre Chaos Knight)           Turns: 5512, Time: 00:08:57

Health: -7/78      AC:  7    Str: 16    XL:     7   Next: 25%
Magic:  11/12      EV:  9    Int: 19    God:    Xom [*.....]
Gold:   249        SH:  0    Dex:  7    Spells: 10/12 levels left

rFire   . . .      SeeInvis .    q - +0 dagger (elec) {short}
rCold   . . .      Faith    .    (no shield)
rNeg    . . .      Spirit   .    b - +2 robe
rPois   .          Reflect  .    k - +2 hat
rElec   .          Harm     .    (no cloak)
rCorr   .          Rampage  .    (gloves unavailable)
Will    .....                    (boots unavailable)
Stlth   +.........               (no amulet)
HPRegen 0.23/turn                (no ring)
MPRegen 0.13/turn                (no ring)

@: wereblooded
A: large, unfitting armour, tough skin 1, clever 1, MP-powered wands
a: Renounce Religion


You were on level 6 of the Dungeon.
You worshipped Xom.
You were a special plaything of Xom.
You visited 1 branch of the dungeon, and saw 6 of its levels.

You collected 249 gold pieces.


Innate Abilities, Weirdness & Mutations

You are too large for most types of armour.
You have tough skin. (AC +1)
Your mind is acute. (Int +4, Str/Dex -1)
You expend magic power (3 MP) to strengthen your wands.


   Skills:
 + Level 7.1 Fighting
 - Level 3.0 Polearms
 - Level 2.1 Dodging
 - Level 2.3 Unarmed Combat
 + Level 3.3 Spellcasting
 + Level 1.1 Summonings
 + Level 1.1 Air Magic
 + Level 2.3 Evocations


You had 10 spell levels left.
You knew the following spells:

 Your Spells              Type           Power      Damage    Failure   Level
a - Wereblood             Tmut           3%         N/A       22%         2

Your spell library contained the following spells:

 Spells                   Type           Power      Damage    Failure   Level
 Beastly Appendage        Tmut           6%         N/A       14%         1
 Sandblast                Erth           6%         2d5       14%         1
 Passwall                 Tmut/Erth      2%         N/A       22%         2
 Ozocubu's Armour         Ice            3%         N/A       41%         3
 Spider Form              Tmut/Pois      3%         N/A       41%         3
 Stone Arrow              Conj/Erth      6%         3d7       41%         3
 Airstrike                Air            3%         2d(1-17)  67%         4
 Summon Lightning Spire   Summ/Air       7%         N/A       67%         4
 Lightning Bolt           Conj/Air       2%         1d14      97%         5
 Ozocubu's Refrigeration  Ice            1%         4d7       100%        7

Inventory:

Hand Weapons
 q - a +0 dagger of electrocution (weapon) {short}
   (You took it off a kobold on level 2 of the Dungeon)
 s - a +1 rapier of chaos {short}
   (Xom gifted it to you on level 2 of the Dungeon)
 u - a +4 dagger {short}
   (You took it off an orc wizard on level 6 of the Dungeon)
Missiles
 e - 114 stones {throwing}
 m - 2 boomerangs {throwing}
 r - 9 poisoned darts {throwing}
Armour
 b - a +2 robe (worn)
 k - a +2 hat (worn)
   (You found it on level 1 of the Dungeon)
Jewellery
 g - a ring of fire
   (You found it on level 1 of the Dungeon)
Wands
 d - a wand of roots (9)
   (You took it off Ijyb on level 3 of the Dungeon)
 j - a wand of flame (19)
   (You took it off a kobold on level 4 of the Dungeon)
Scrolls
 h - 2 scrolls of teleportation {@r4}
 l - a scroll of magic mapping {!r}
 o - 2 scrolls of fear
 t - a scroll of immolation {!r!r}
Potions
 f - a potion of invisibility
 p - 4 potions of curing {@q1}
Miscellaneous
 c - a piece from Xom's chessboard (15/15) (quivered)

Dungeon Overview and Level Annotations

Branches:
Dungeon (5/15) Zot: 26762
 Temple: D:4-7

Altars:
Trog

Shops:
D:1

[ ..... .# .... .# #
#...#.# .. #..?..#
#.#.....# ....... .
#...# ...##.{@#
#.....oo##
##...#..ยง# ##.
#ยง).# #...#..#
#...#..#####
#..#....#.<.#
#.##.#....#.# #####
#............###...##


You could see an orc priest and an orc wizard (confused).


Message History

You bump into the rock wall.
The orc hits you but does no damage. Something hits you but does no damage.
The orc wizard closely misses you.
The orc wizard hits itself with a +0 dagger.
The orc wizard is killed!
You are too injured to fight recklessly!
You're too confused to move!
Something hits you but does no damage. The orc barely misses you. ๐Ÿ˜• HP[+1]
You closely miss something. Something hits you but does no damage.
You barely miss the orc. You punch the orc.
You feel less confused.
The orc wizard hits the orc with a +0 dagger.
The orc wizard hits itself with a +0 dagger.
The orc barely misses you.
The orc hits itself with a +0 short sword.
The orc is killed!
Something hits you. ๐Ÿ˜• HP[-2]
You take 2 damage, and now have 61/78 hp.
Something hits you but does no damage.
Things that are here:
a +0 short sword {short}; 9 stones {throwing}; an orc corpse
Casting: Wereblood (safe; 22% risk of failure)
Confirm with . or Enter, or press ? or * to list all spells.
Your blood is infused with primal strength.
You hear some strange, mumbled words.
A puff of flame appears from out of thin air!
The puff of flame hits you. ๐Ÿ˜ฎ HP[-4] MP[-2]
You take 4 damage, and now have 57/78 hp.
You lost 2 mp, and now have 10/12 mp.
Unknown command. ๐Ÿ˜ฎ HP[+1]
You barely miss something. Something hits you but does no damage.
You hit something but do no damage. Lightning courses through something!
The orc priest mumbles some strange prayers to Beogh against you.
Beogh smites you!
You hear some strange, mumbled words.
A puff of flame appears from out of thin air!
The puff of flame hits you!
* * * LOW HITPOINT WARNING * * *
๐Ÿ˜จ HP[-19]
You take 19 damage, and now have 39/78 hp.
MASSIVE DAMAGE!! (PAUSE)
You hit the orc wizard but do no damage.
You miss something. The orc wizard closely misses you.
You hear some strange, mumbled words.
Something tries to affect you, but you resist.
The orc priest hits you but does no damage. ๐Ÿ˜ฎ HP[+1]
You barely miss the orc priest. Something hits you but does no damage.
The orc priest mumbles some strange prayers to Beogh against you.
Beogh smites you!
* * * LOW HITPOINT WARNING * * *
The orc wizard hits you but does no damage.
The orc wizard hits itself with a +0 dagger. ๐Ÿ˜จ HP[-11]
You take 11 damage, and now have 29/78 hp.
You barely miss the orc priest.
The orc priest hits you with a +1 vorpal hand axe.
* * * LOW HITPOINT WARNING * * *
x2 Something hits you.
* * * LOW HITPOINT WARNING * * *
๐Ÿ˜จ HP[-3] MP[+1]
You take 3 damage, and now have 26/78 hp.
You barely miss the orc priest.
The orc priest invokes the aid of Beogh against you.
You struggle to resist.
The orc wizard hits you but does no damage.
Something hits you but does no damage.
You completely miss the orc priest. Your punch misses the orc priest.
The orc wizard hits you with a +0 dagger.
* * * LOW HITPOINT WARNING * * *
Something hits you but does no damage.
The orc priest hits you with a +1 vorpal hand axe.
* * * LOW HITPOINT WARNING * * *
x2 ๐Ÿ˜ฑ HP[-7]
You take 7 damage, and now have 19/78 hp.
You closely miss the orc priest.
The orc wizard hits you but does no damage.
Something hits you but does no damage.
The orc priest hits you with a +1 vorpal hand axe.
* * * LOW HITPOINT WARNING * * *
x2 ๐Ÿ˜ฑ HP[-5]
You take 5 damage, and now have 14/78 hp.
You hit the orc priest. Something hits you.
* * * LOW HITPOINT WARNING * * *
The orc priest hits you with a +1 vorpal hand axe.
* * * LOW HITPOINT WARNING * * *
x2 The orc wizard hits you with a +0 dagger.
* * * LOW HITPOINT WARNING * * *
The orc wizard hits itself with a +0 dagger. ๐Ÿ˜ฑ HP[-6]
You take 6 damage, and now have 8/78 hp.
You closely miss the orc priest.
The orc priest hits you but does no damage.
You hear some strange, mumbled words.
A puff of flame appears from out of thin air!
The puff of flame hits you!
You die...

Skill      XL: |  1  2  3  4  5  6  7 |
---------------+----------------------+-----
Unarmed Combat | 1 2 |  2.3
Fighting       | 5 6 7 |  7.1
Spellcasting   | 1 2 3 |  3.3
Evocations     | 1 2 |  2.3
Summonings     | 1 |  1.1
Air Magic      | 1 |  1.1
Polearms       | |  3.0
Dodging        | |  2.1

Action                   |  1- 3 |  4- 6 |  7- 9 || total
-------------------------+-------+-------+-------++-------
Melee: Spear             |    29 |       |       ||    29
       Dagger            |   100 |   268 |    56 ||   424
       Punch             |       |     3 |     1 ||     4
Throw: Dart              |       |     5 |       ||     5
 Cast: Wereblood         |       |       |     1 ||     1
Evoke: Piece from Xom's  |       |     1 |       ||     1
  Use: Potion            |     1 |     4 |     1 ||     6
       Scroll            |       |     6 |       ||     6
 Stab: Invisible         |       |     2 |       ||     2
       Petrified         |       |     4 |       ||     4
Armor: Robe              |    44 |   115 |    47 ||   206
       Skin              |       |     7 |       ||     7
Dodge: Dodged            |    43 |   130 |    20 ||   193

Levels and vault maps discovered:
D:1:      dpeg_arrival_subterranean_lakeside_camping, layout_basic,
          hellmonk_ecumenical_altar_lost_god, serial_shops, shop
D:2:      layout_basic, minmay_misc_feat_secret_circle
D:3:      layout_loops_corners, trog_hazing_becter, uniq_ijyb
D:4:      layout_loops_cross, minmay_misc_feat_five
D:5:      layout_basic
D:6:      layout_rooms, gammafunk_temple_overflow_pools,
          minmay_temple_entry_from_below_b, nicolae_ossuary_entry_giza

Notes
Turn   | Place    | Note
-------+----------+-------------------------------------------
     0 | D:1      | spaghetti the Ogre Chaos Knight began the quest for the
                  | Orb.
     0 | D:1      | Reached XP level 1. HP: 24/24 MP: 1/1
     0 | D:1      | magus.rc [v1.9.6]
    59 | D:1      | Found a faded altar of an unknown god.
    94 | D:1      | Reached XP level 2. HP: 33/33 MP: 2/2
    97 | D:1      | Reached skill level 1 in Unarmed Combat
   251 | D:1      | Found Owang's Antique Armour Boutique.
   364 | D:1      | XOM: smoke on damage
   365 | D:1      | Reached XP level 3. HP: 34/41 MP: 3/3
   520 | D:1      | XOM: silly message
   798 | D:1      | XOM: god gift: smoky golden potion {god gift}
   888 | D:1      | XOM: divination: magic mapping
   964 | D:1      | You add the spells Ozocubu's Armour and Ozocubu's
                  | Refrigeration to your library.
  1052 | D:1      | XOM: scenery: summon butterflies
  1124 | D:2      | Reached skill level 5 in Fighting
  1526 | D:2      | Reached skill level 2 in Unarmed Combat
  1534 | D:2      | XOM is BORED!
  1671 | D:2      | Reached XP level 4. HP: 40/50 MP: 4/4
  2073 | D:2      | XOM: give mutations
  2073 | D:2      | Gained mutation: You expend magic power (3 MP) to
                  | strengthen your wands. [Xom's grace]
  2073 | D:2      | Gained mutation: Your mind is acute. (Int +4, Str/Dex -1)
                  | [Xom's grace]
  2138 | D:2      | You pick up a book of Geomancy and begin reading...
  2138 | D:2      | You add the spells Sandblast, Passwall and Stone Arrow to
                  | your library.
  2244 | D:2      | XOM: god gift: +1 rapier of chaos
  2533 | D:3      | Found a bloodstained altar of Trog.
  3119 | D:3      | Noticed Ijyb
  3135 | D:3      | HP: 13/52 [Ijyb/+0 dagger (4)]
  3150 | D:3      | Killed Ijyb
  3151 | D:3      | Reached skill level 1 in Spellcasting
  3151 | D:3      | Reached XP level 5. HP: 43/59 MP: 6/6
  3407 | D:3      | Reached skill level 6 in Fighting
  3407 | D:3      | Reached skill level 1 in Evocations
  3759 | D:4      | Noticed a black bear
  3769 | D:4      | Reached skill level 2 in Spellcasting
  3777 | D:4      | XOM: enchant monster (good)
  3785 | D:4      | Killed a black bear
  3786 | D:4      | Reached XP level 6. HP: 35/68 MP: 9/9
  3958 | D:4      | XOM: divination: detect items
  4012 | D:4      | Reached skill level 2 in Evocations
  4059 | D:4      | You pick up a book of Storms and begin reading...
  4059 | D:4      | You add the spells Airstrike, Summon Lightning Spire and
                  | Lightning Bolt to your library.
  4255 | D:4      | XOM: silly message
  4381 | D:4      | Reached skill level 3 in Spellcasting
  4415 | D:4      | XOM: 8-stop teleportation journey
  4462 | D:4      | XOM: potion effect (might)
  4826 | D:4      | You pick up a book of Changes and begin reading...
  4826 | D:4      | You add the spells Beastly Appendage, Wereblood and Spider
                  | Form to your library.
  4876 | D:4      | XOM: 6-stop teleportation journey
  4888 | D:4      | Learned a level 2 spell: Wereblood
  5062 | D:4      | Reached XP level 7. HP: 76/76 MP: 11/11
  5171 | D:5      | Entered Level 5 of the Dungeon
  5174 | D:5      | Reached skill level 7 in Fighting
  5275 | D:5      | You fall into a shaft and drop 1 floor!
  5311 | D:6      | Reached skill level 1 in Summonings
  5311 | D:6      | Reached skill level 1 in Air Magic
  5457 | D:6      | XOM: 1-stop teleportation journey
  5486 | D:6      | XOM: fog
  5492 | D:6      | XOM: confuse monster(s)
  5509 | D:6      | HP: 19/78 [orc priest/+1 vorpal hand axe (1)]
  5511 | D:6      | HP: 8/78 [orc wizard/+0 dagger (2)]
  5512 | D:6      | Killed from afar by an orc wizard

Vanquished Creatures
  A black bear (D:4)
  3 hounds
  2 orc priests
  Ijyb (D:3)
  2 orc wizards (D:6)
  6 adders
  4 gnolls
  A shadow imp (D:5)
  15 orcs
  6 ball pythons
  8 bats
  12 endoplasms
  12 goblins
  17 hobgoblins
  2 quokkas
  3 frilled lizards
  10 kobolds
  8 rats
113 creatures vanquished.

Table legend:
 A = Non-vault XP
 B = Vault XP
 C = Vault XP percentage of total XP
 D = Non-vault monster count
 E = Vault monster count
 F = Vault count percentage of total count
                 A         B        C        D         E       F
            +---------+---------+-------+---------+---------+-------
      Total |     707 |      57 |   7.5 |     100 |      13 |  11.5
            +---------+---------+-------+---------+---------+-------
        D:1 |      37 |       9 |  19.6 |      15 |       6 |  28.6
        D:2 |      66 |       0 |   0.0 |      24 |       0 |   0.0
        D:3 |      84 |      48 |  36.4 |      24 |       7 |  22.6
        D:4 |     375 |       0 |   0.0 |      28 |       0 |   0.0
        D:5 |      25 |       0 |   0.0 |       2 |       0 |   0.0
        D:6 |     120 |       0 |   0.0 |       7 |       0 |   0.0
            +---------+---------+-------+---------+---------+-------

Illustrated notes

Table legend:
 A = Kills in this place as a percentage of kills in entire the game.
 B = Kills by you in this place as a percentage of kills by you in the entire game.
 C = Kills by friends in this place as a percentage of kills by friends in the entire game.
 D = Other kills in this place as a percentage of other kills in the entire game.
 E = Experience gained in this place as a percentage of experience gained in the entire game.
 F = Experience gained in this place divided by the number of levels of this place that you have seen.
                   A       B       C       D       E      F
               +-------+-------+-------+-------+-------+----------------------
         Total | 100.0 | 100.0 |   N/A | 100.0 | 100.0 | 127.3
       Dungeon | 100.0 | 100.0 |   N/A | 100.0 | 100.0 | 127.3
               +-------+-------+-------+-------+-------+----------------------

Table legend: (Time is in decaauts)
 A = Elapsed time spent in this place.
 B = Non-inter-level travel time spent in this place.
 C = Inter-level travel time spent in this place.
 D = Time resting spent in this place.
 E = Time spent auto-exploring this place.
 F = Levels seen in this place.
 G = Mean time per level.
                   A        B        C        D        E       F      G
               +--------+--------+--------+--------+--------+-----+--------+
         Total |   5508 |   5333 |    175 |    256 |   4186 |   6 |  918.0 |
       Dungeon |   5508 |   5333 |    175 |    256 |   4186 |   6 |  918.0 |
               +--------+--------+--------+--------+--------+-----+--------+

Top non-repeatable levels by time:
     D:3: 1414 daAuts
     D:4: 1413 daAuts
     D:2: 1252 daAuts
     D:1: 1087 daAuts
     D:6: 236 daAuts
     D:5: 103 daAuts
